 Dungeon Crawl Stone Soup version 0.26-a0-597-gb535b0901c (webtiles) character file.

Game seed: 2505078194087107280

279 Alarkh the Ruffian (level 6, 48/48 HPs)
             Began as a Demonspawn Gladiator on Sept 15, 2020.
             Got out of the dungeon alive.
             The game lasted 00:02:10 (2390 turns).

Alarkh the Ruffian (Demonspawn Gladiator)           Turns: 2390, Time: 00:02:10

Health: 48/48      AC:  7    Str: 15    XL:     6   Next: 5%
Magic:  6/6        EV: 12    Int: 11    God:
Gold:   99         SH:  0    Dex: 14    Spells: 5/5 levels left

rFire    + . .     SeeInvis .     - Unarmed
rCold    . . .     Faith    .   (no shield)
rNeg     . . .     Spirit   .   a - +0 leather armour
rPois    .         Reflect  .   b - +0 helmet
rElec    .         Harm     .   m - +0 cloak
rCorr    .                      (gloves unavailable)
MR       .....                  (no boots)
Stlth    +.........             (no amulet)
HPRegen  0.16/turn              f - ring of wizardry
MPRegen  0.10/turn              (no ring)

@: no status effects
A: claws 3, yellow scales 1, fire resistance 1
a: no special abilities


You escaped.
You visited 1 branch of the dungeon, and saw 3 of its levels.

You collected 99 gold pieces.

Inventory:

Missiles
 c - 3 throwing nets (quivered)
Armour
 a - a +0 leather armour (worn)
 b - a +0 helmet (worn)
 m - a +0 cloak (worn)
Jewellery
 f - a ring of wizardry (left claw)
Scrolls
 d - a scroll of blinking {unknown}
 e - 2 scrolls of teleportation
 h - 2 scrolls of identify {unknown}
 n - a scroll of immolation {unknown}
 q - a scroll of remove curse {unknown}
 r - 3 scrolls of fear {unknown}
Potions
 g - a potion of heal wounds
 i - a potion of flight {unknown}
 j - a potion of magic {unknown}
 k - a potion of brilliance {unknown}
 l - 2 potions of lignification
 o - a potion of degeneration {unknown}
 p - a potion of curing {unknown}


   Skills:
 + Level 3.9 Fighting
 - Level 1.7 Throwing
 - Level 2.6 Dodging
 * Level 5.3 Unarmed Combat


You had 5 spell levels left.
You didn't know any spells.
Your spell library was empty.

Dungeon Overview and Level Annotations

Branches:
Dungeon (3/15)

Altars:
Xom


Innate Abilities, Weirdness & Mutations

You have claws for hands.
You are partially covered in yellow scales. (AC +2)
Your flesh is heat resistant. (rF+)


Message History

No target in view!
No target in view!
No target in view!
No target in view!
No target in view!
No target in view!
No target in view!
(D) Dungeon
Where to? (Enter - D:3, ? - help)
What level of the Dungeon? (default 1, ? - help)
There is a stone staircase leading up here.
You climb upwards.
There is a stone staircase leading down here.
HP restored.
There is a stone staircase leading up here.
You climb upwards.
There is a stone staircase leading down here.
There is a staircase leading out of the dungeon here.
Are you sure you want to leave the Dungeon?
This will make you lose the game!
You have escaped!

######.............######
.......#.#####.....######
##..(..#.#...#.....#...##
######...#.⌠.#.....#.⌠.##
###.#...#.....#...## #
####.#####.....######
#####...................#
......##................#
..#######.......@..)....#
..## #...............##
...# #................#
...## ######.....#####.#
##..######...#.....#...#.#
##.)...###.⌠.#.....#.⌠.#.#
####.#.###...#.....#...#.#
...#..(#######.....#####.#
##...#.÷............####.#


There were no monsters in sight!

Vanquished Creatures
  A jelly (D:2)
  Crazy Yiuf (D:2)
  A bullfrog skeleton (D:3)
  Terence (D:2)
  A hound skeleton (D:3)
  7 adders
  A worm (D:2)
  2 dart slugs (D:1)
  6 leopard geckos
  6 orcs (D:3)
  A giant cockroach (D:2)
  7 hobgoblins
  3 kobolds
  A quokka (D:2)
  A ball python (D:3)
  11 bats
  6 frilled lizards
  9 goblins
  13 rats
79 creatures vanquished.

Notes
Turn   | Place    | Note
-------+----------+-------------------------------------------
     0 | D:1      | Alarkh the Demonspawn Gladiator began the quest for the
                  | Orb.
     0 | D:1      | Reached XP level 1. HP: 16/16 MP: 1/1
    81 | D:1      | Reached skill level 3 in Unarmed Combat
    85 | D:1      | Gained mutation: You have sharp fingernails. [demonic
                  | ancestry]
    85 | D:1      | Reached XP level 2. HP: 11/22 MP: 2/2
   456 | D:1      | Gained mutation: You have very sharp fingernails. [demonic
                  | ancestry]
   456 | D:1      | Reached XP level 3. HP: 26/28 MP: 3/3
   588 | D:2      | Found a shimmering altar of Xom.
   816 | D:2      | Reached skill level 4 in Unarmed Combat
   816 | D:2      | Gained mutation: You are partially covered in yellow
                  | scales. (AC +2) [demonic ancestry]
   816 | D:2      | Reached XP level 4. HP: 20/35 MP: 4/4
   936 | D:2      | Noticed Terence
   945 | D:2      | Killed Terence
   992 | D:2      | Found a runed translucent door.
   993 | D:2      | Noticed Crazy Yiuf
  1661 | D:2      | Killed Crazy Yiuf
  1661 | D:2      | Gained mutation: You have claws for hands. [demonic
                  | ancestry]
  1661 | D:2      | Reached XP level 5. HP: 41/41 MP: 5/5
  1988 | D:3      | Reached skill level 5 in Unarmed Combat
  2304 | D:3      | Gained mutation: Your flesh is heat resistant. (rF+)
                  | [demonic ancestry]
  2304 | D:3      | Reached XP level 6. HP: 41/48 MP: 6/6
  2390 | D:$      | Got out of the dungeon alive.

Illustrated notes

Levels and vault maps discovered:
D:1:      minmay_arrival_glassed_features, layout_rooms
D:2:      layout_loops_corners, xom_teletrap_fun, uniq_terence,
          uniq_crazy_yiuf_cottage
D:3:      layout_rooms

Skill      XL: |  1  2  3  4  5 |
---------------+----------------+-----
Unarmed Combat | 3 4 5 |  5.3
Fighting       | 3 |  3.9
Throwing       | |  1.7
Dodging        | |  2.6

Action                   |  1- 3 |  4- 6 || total
-------------------------+-------+-------++-------
Melee: Unarmed           |    95 |   130 ||   225
       Punch             |       |     2 ||     2
  Use: Potion            |       |     2 ||     2
       Scroll            |       |     1 ||     1
 Stab: Sleeping          |       |     4 ||     4
Armor: Leather armour    |    48 |    43 ||    91
       Skin              |       |     3 ||     3
Dodge: Dodged            |    77 |    90 ||   167

Table legend: (Time is in decaauts)
 A = Elapsed time spent in this place.
 B = Non-inter-level travel time spent in this place.
 C = Inter-level travel time spent in this place.
 D = Time resting spent in this place.
 E = Time spent auto-exploring this place.
 F = Levels seen in this place.
 G = Mean time per level.
                   A        B        C        D        E       F      G
               +--------+--------+--------+--------+--------+-----+--------+
         Total |   2371 |   2297 |     74 |    229 |   1620 |   3 |  790.3 |
       Dungeon |   2371 |   2297 |     74 |    229 |   1620 |   3 |  790.3 |
               +--------+--------+--------+--------+--------+-----+--------+

Top non-repeatable levels by time:
     D:2: 1177 daAuts
     D:3: 601 daAuts
     D:1: 593 daAuts
